 Dungeon Sprint DCSS version 0.28-a0-79-g444c7a33f5 (webtiles) character file.

Game seed: 3492063791536046652

2538 Zeldest the Nimble (level 9, -4/133 HPs)
             Began as a Demigod Gladiator on Aug 2, 2021.
             Killed from afar by a gargoyle (16 damage)
             ... with a stone arrow
             ... in the Dungeon (Sprint IX: "|||||||||||||||||||||||||||||").
             The game lasted 00:02:21 (172 turns).

Zeldest the Nimble (Demigod Gladiator)               Turns: 172, Time: 00:02:22

Health: -4/133     AC: 11    Str: 18    XL:     9   Next: 9%
Magic:  11/11      EV: 19    Int: 10    God:
Gold:   0          SH:  0    Dex: 27    Spells: 8/8 levels left

rFire   . . .      SeeInvis .   n - +0 long sword
rCold   . . .      Faith    .   (no shield)
rNeg    . . .      Spirit   .   q - +1 scale mail
rPois   .          Reflect  .   p - +0 helmet
rElec   .          Harm     .   (no cloak)
rCorr   .          Rampage  .   (no gloves)
Will    .....      NoTele   +   o - +0 pair of boots
Stlth   ..........              (no amulet)
HPRegen 0.32/turn               r - +2 ring of protection
MPRegen 0.12/turn               s - +3 ring of strength

@: berserking (expiring), very quick
A: high mp 1, forlorn
a: no special abilities


You were in the Dungeon.
You visited 1 branch

Inventory:

Hand Weapons
 a - a +2 scimitar of holy wrath
 b - a +2 rapier of venom
 n - a +0 long sword (weapon)
Armour
 c - a +0 helmet
 m - a +0 leather armour
 o - a +0 pair of boots (worn)
 p - a +0 helmet (worn)
 q - a +1 scale mail (worn)
Jewellery
 r - a +2 ring of protection (left hand)
 s - a +3 ring of strength (right hand)
Scrolls
 j - 2 scrolls of blinking
 k - 2 scrolls of amnesia
Potions
 d - a potion of invisibility
 f - 4 potions of curing
 g - a potion of haste
 h - 4 potions of magic


   Skills:
 + Level 11.4 Fighting
 + Level 11.6 Long Blades
 - Level 1.7 Throwing
 + Level 11.7 Dodging


You had 8 spell levels left.
You didn't know any spells.
Your spell library was empty.

Dungeon Overview and Level Annotations

Branches:
Dungeon (1/1)


Innate Abilities, Weirdness & Mutations

Your attributes grow dramatically as you level up.
You have an increased reservoir of magic. (+10% MP)
You shall have no god before yourself.


Message History

Aim: a boulder beetle (almost dead, rolling, covered in acid, 100% to hit)
The bolt of acid hits the gargoyle but does no damage.
The gargoyle is lightly damaged.
The bolt of acid hits the boulder beetle.
The boulder beetle is splashed with acid.
The boulder beetle seems to be corroded for longer.
The boulder beetle is almost dead.
The now-empty wand crumbles to dust.
The gargoyle closely misses you.
The boulder beetle stops rolling and uncurls.
A red film seems to cover your vision as you go berserk!
You feel yourself moving faster!
You feel mighty! The gargoyle misses you.
The boulder beetle leaps!
You slash the gargoyle!
The gargoyle is severely damaged.
You hit the gargoyle.
The gargoyle is severely damaged.
The gargoyle hits you but does no damage.
You hit the gargoyle but do no damage.
The gargoyle is severely damaged.
You hit the gargoyle but do no damage.
The gargoyle is severely damaged.
The gargoyle closely misses you.
You hit the gargoyle.
The gargoyle is almost destroyed.
You barely miss the boulder beetle.
The boulder beetle is almost dead.
You barely miss the boulder beetle.
The boulder beetle is almost dead.
You slash the boulder beetle!
You kill the boulder beetle!
Your Fighting skill increases to level 11!
Your Long Blades skill increases to level 11!
You have reached level 9!
Your experience leads to a dramatic increase in your attributes!
Your base attributes are Str 15, Int 10, Dex 23.
Increase (S)trength, (I)ntelligence, or (D)exterity?
You feel agile. x4
The gargoyle hurls a stone arrow at you.
The stone arrow hits you!
You die...

▓+▓
▓.▓
▓.▓
▓)▓
▓.▓
▓9▓
▓@▓
▓'▓
▓.▓
▓.▓
▓.▓
▓.▓
▓.▓
▓)▓
▓'▓


You could see a gargoyle.

Vanquished Creatures
  A boulder beetle (D)
  A deep elf pyromancer (D)
  2 ugly things (D)
  A slime creature (D)
  A steam dragon (D)
  A vampire mosquito (D)
  An orc warrior (D)
  A scorpion (D)
  A howler monkey (D)
  2 hounds (D)
  An adder zombie (D)
  An orc (D)
  A bat skeleton (D)
  A hobgoblin (D)
  A jackal (D)
  A giant cockroach zombie (D)
  A goblin (D)
  A kobold (D)
  A rat (D)
21 creatures vanquished.

Notes
Turn   | Place    | Note
-------+----------+-------------------------------------------
     0 | D        | Zeldest the Demigod Gladiator began the quest for the Orb.
     0 | D        | Reached XP level 1. HP: 17/17 MP: 3/3
    22 | D        | Noticed a hound
    22 | D        | Noticed a scorpion
    22 | D        | Noticed a hound
    28 | D        | Killed a hound
    29 | D        | Reached XP level 2. HP: 13/26 MP: 4/4
    42 | D        | Killed a scorpion
    43 | D        | Reached skill level 5 in Long Blades
    43 | D        | Reached skill level 5 in Dodging
    43 | D        | Reached XP level 3. HP: 34/34 MP: 5/5
    43 | D        | Reached XP level 4. HP: 41/41 MP: 6/6
    47 | D        | Reached skill level 5 in Fighting
   128 | D        | Noticed a vampire mosquito
   128 | D        | Noticed an orc warrior
   128 | D        | Noticed a steam dragon
   131 | D        | Killed an orc warrior
   132 | D        | Reached XP level 5. HP: 51/51 MP: 7/7
   132 | D        | Killed a steam dragon
   133 | D        | Reached XP level 6. HP: 59/60 MP: 8/8
   136 | D        | Killed a vampire mosquito
   144 | D        | Noticed a boulder beetle
   144 | D        | Noticed a gargoyle
   144 | D        | Noticed a deep elf pyromancer
   144 | D        | Noticed a slime creature
   144 | D        | Noticed a purple ugly thing
   144 | D        | Noticed a brown ugly thing
   148 | D        | Killed a deep elf pyromancer
   149 | D        | Reached XP level 7. HP: 65/70 MP: 9/9
   151 | D        | Killed a cyan ugly thing
   152 | D        | Reached skill level 10 in Long Blades
   152 | D        | Reached skill level 10 in Dodging
   152 | D        | Reached XP level 8. HP: 74/79 MP: 10/10
   158 | D        | Killed a slime creature
   159 | D        | Reached skill level 10 in Fighting
   159 | D        | Killed a cyan ugly thing
   171 | D        | Killed a boulder beetle
   172 | D        | Reached XP level 9. HP: 12/89 MP: 11/11
   172 | D        | Killed from afar by a gargoyle

Illustrated notes

Levels and vault maps discovered:
D:        linesprint [early_d, line_temple, items_1, d_10, items_2, lair_1,
          lair_end, items_3, orc_1, orc_end, items_4, d_15, swamp_1, shoals_1,
          snake_1, spider_1, d_20, vaults_1, items_5, swamp_end, shoals_end,
          snake_end, spider_end, vaults_end, d_27, items_6, zot_1, zot_end,
          crypt_end, forest_end, elf_end, slime_end, tomb_end, abyss_end,
          pan_hell_end]

Skill      XL: |  1  2  3  4  5  6  7  8 |
---------------+-------------------------+-----
Fighting       | 3 4 6 7 9 11 | 11.4
Long Blades    | 4 5 6 7 9 10 11 | 11.6
Dodging        | 4 5 6 7 9 10 11 | 11.7
Throwing       | |  1.7

Action                   |  1- 3 |  4- 6 |  7- 9 || total
-------------------------+-------+-------+-------++-------
Melee: Long sword        |    27 |    13 |    16 ||    56
Throw: Throwing net      |     3 |       |       ||     3
Evoke: Wand              |       |     6 |     4 ||    10
  Use: Potion            |     2 |     1 |     2 ||     5
 Stab: Held in net/web   |     1 |       |       ||     1
Armor: Leather armour    |     6 |     3 |       ||     9
       Scale mail        |       |     6 |     2 ||     8
Dodge: Dodged            |    18 |    12 |     5 ||    35
       Rpst.: Long sword |     8 |     4 |     1 ||    13

Table legend: (Time is in decaauts)
 A = Elapsed time spent in this place.
 B = Non-inter-level travel time spent in this place.
 C = Inter-level travel time spent in this place.
 D = Time resting spent in this place.
 E = Time spent auto-exploring this place.
 F = Levels seen in this place.
 G = Mean time per level.
                   A        B        C        D        E       F      G
               +--------+--------+--------+--------+--------+-----+--------+
         Total |    173 |    173 |      0 |      0 |      0 |   1 |  173.0 |
       Dungeon |    173 |    173 |      0 |      0 |      0 |   1 |  173.0 |
               +--------+--------+--------+--------+--------+-----+--------+

Top non-repeatable levels by time:
       D: 173 daAuts
